 Dungeon Crawl Stone Soup version 0.28.0 (webtiles) character file.

Game seed: 3762684053514708023

96450 Zonian the Arsonist (level 15, -10/127 (136) HPs)
             Began as a Red Draconian Ice Elementalist on Feb 16, 2022.
             Was a High Priest of Ashenzari.
             Killed by divine providence
             ... invoked by a meliai
              (12 damage)
             ... on level 2 of the Lair of Beasts on Feb 18, 2022.
             The game lasted 02:48:26 (54523 turns).

Zonian the Arsonist (DrIE)                         Turns: 54523, Time: 02:48:26

HP:   -10/127 (136) AC: 11    Str: 11 (12) XL:     15   Next: 69%
MP:   23/41         EV: 15    Int: 26 (27) God:    Ashenzari [*****.]
Gold: 2030          SH:  7    Dex: 12      Spells: 5/40 levels left

rFire   + . .      SeeInvis +   C - +5 demon trident (elec)
rCold   . . .      Faith    .   r - +2 buckler of the Cursed Awkwardness {reflect, Comp, Self} (curse)
rNeg    . . .      Spirit   .   (armour unavailable)
rPois   .          Reflect  +   Y - +0 hat of Toth-Mos's Legacy {Evo, Fort} (curse)
rElec   .          Harm     .   G - scarf of the Heavens {shadows, Elem, Range} (curse)
rCorr   .          Rampage  .   v - +0 pair of gloves of the Ensconced Fallacy {Range, Melee} (curse)
Will    +....      Clarity  +   S - +0 pair of boots "Circumscribed With Me" {Range, Alch} (curse)
Stlth   ++++......              W - amulet "Fetters of the Sphere" {RegenMP, Bglg, Alch} (curse)
HPRegen 0.31/turn               L - ring "Sun of the Cursed Seer" {+Blink MP+9, Bglg, Self} (curse)
MPRegen 0.67/turn               u - ring "Share My Ordeal" {Int+6, Bglg, Alch} (curse)

@: drained
A: breathe fire, AC +9, unfitting armour, fire resistance 1, cold-blooded
a: Breathe Fire, Renounce Religion, Evoke Blink, Curse Item, Shatter the Chains


You were on level 2 of the Lair of Beasts.
You worshipped Ashenzari.
Ashenzari was extremely pleased with you.
You visited 5 branches of the dungeon, and saw 25 of its levels.
You visited the Abyss 1 time.

You collected 2216 gold pieces.
You spent 186 gold pieces at shops.

Inventory:

Hand Weapons
 f - a +0 hunting sling
 s - a +0 trident of holy wrath
 A - a +4 scimitar of flaming
 B - a +2 short sword of speed
 C - a +5 demon trident of electrocution (weapon)
 F - a +5 demon trident
Missiles
 a - 3 throwing nets
 e - 10 javelins
 g - 2 curare-tipped darts
 i - 72 sling bullets
 t - 39 poisoned darts
 x - 4 silver javelins
Armour
 h - a +1 buckler
 r - the cursed +2 buckler of the Cursed Awkwardness (worn) {reflect, Comp, Self}
   (You took it off a tengu warrior on level 15 of the Dungeon)

   It has a curse which improves the following skills: Companions: Summonings
   and Necromancy.
   Introspection: Fighting and Spellcasting.
 v - the cursed +0 pair of gloves of the Ensconced Fallacy (worn) {Range, Melee}
   (You found it on level 4 of the Dungeon)

   It has a curse which improves the following skills: Ranged Combat: Slings,
   Bows, Crossbows and Throwing.
   Melee Combat: Short Blades, Long Blades, Axes, Maces & Flails, Polearms,
   Staves and Unarmed Combat.
 G - the cursed scarf of the Heavens (worn) {shadows, Elem, Range}
   (You found it on level 6 of the Dungeon)

   It has a curse which improves the following skills: Elements: Fire Magic, Ice
   Magic, Air Magic and Earth Magic.
   Ranged Combat: Slings, Bows, Crossbows and Throwing.
 S - the cursed +0 pair of boots "Circumscribed With Me" (worn) {Range, Alch}
   (You found it on level 1 of the Lair of Beasts)

   It has a curse which improves the following skills: Ranged Combat: Slings,
   Bows, Crossbows and Throwing.
   Alchemy:   Poison Magic and Transmutations.
 Y - the cursed +0 hat of Toth-Mos's Legacy (worn) {Evo, Fort}
   (You found it on level 3 of the Lair of Beasts)

   It has a curse which improves the following skills: Evocations: Evocations.
   Fortitude: Shields.
Jewellery
 n - a ring of protection from fire
 u - the cursed ring "Share My Ordeal" (right hand) {Int+6, Bglg, Alch}
   (You found it on level 4 of the Dungeon)

   [ring of intelligence]

   Int:       It affects your intelligence (+6).
   It has a curse which improves the following skills: Beguiling: Conjurations,
   Hexes and Translocations.
   Alchemy:   Poison Magic and Transmutations.
 z - an amulet of guardian spirit
 L - the cursed ring "Sun of the Cursed Seer" (left hand) {+Blink MP+9, Bglg, Self}
   (You found it on level 8 of the Dungeon)

   [ring of magical power]

   MP:        It affects your magic capacity (+9).
   +Blink:    It lets you blink.
   It has a curse which improves the following skills: Beguiling: Conjurations,
   Hexes and Translocations.
   Introspection: Fighting and Spellcasting.
 W - the cursed amulet "Fetters of the Sphere" (around neck) {RegenMP, Bglg, Alch}
   (You found it on level 2 of the Lair of Beasts)

   [amulet of magic regeneration]

   It increases your rate of magic regeneration.
   It has a curse which improves the following skills: Beguiling: Conjurations,
   Hexes and Translocations.
   Alchemy:   Poison Magic and Transmutations.
Wands
 b - a wand of mindburst (8)
 o - a wand of iceblast (9)
 w - a wand of flame (6)
 R - a wand of acid (4)
 T - a wand of paralysis (4)
Scrolls
 y - 2 scrolls of silence
 D - a scroll of magic mapping
 I - 4 scrolls of fear
 M - 7 scrolls of fog
 N - a scroll of holy word
 O - 3 scrolls of blinking
 X - 5 scrolls of teleportation
Potions
 c - 6 potions of might
 d - a potion of haste
 j - 5 potions of curing
 k - 5 potions of lignification
 l - 2 potions of magic
 m - 5 potions of attraction
 p - 2 potions of invisibility
 q - 2 potions of flight
 H - 3 potions of berserk rage
 J - a potion of brilliance
 Q - 2 potions of ambrosia
 Z - 4 potions of heal wounds
Miscellaneous
 E - a piece from Xom's chessboard (15/15)
 P - a phantom mirror


   Skills:
 + Level 10.0(13.4) Fighting
 + Level 9.1(11.5) Polearms
 + Level 9.9 Dodging
 + Level 10.7 Stealth
 - Level 4.0(6.1) Shields
 + Level 9.9(13.3) Spellcasting
 + Level 9.2(13.7) Conjurations
 + Level 6.1(8.4) Necromancy
 - Level 3.7(7.6) Translocations
 - Level 1.0(3.4) Transmutations
 + Level 10.7(13.0) Fire Magic
 - Level 5.5(7.8) Ice Magic
 + Level 4.5(6.7) Earth Magic
 + Level 8.0(10.4) Evocations


You had 5 spell levels left.
You knew the following spells:

 Your Spells              Type           Power      Damage    Failure   Level
a - Freeze                Ice            100%       1d11      1%          1
b - Frozen Ramparts       Ice            100%       1d12      1%          3
c - Ozocubu's Armour      Ice            55%        N/A       1%          3
d - Hailstorm             Conj/Ice       65%        3d14      1%          4
e - Fireball              Conj/Fire      36%        3d15      1%          5
f - Iskenderun's Mystic   Conj/Tloc      65%        2d13      1%          4
g - Dispel Undead         Necr           57%        3d20      1%          4
h - Sticky Flame          Conj/Fire      72%        2d9       1%          4
i - Borgnjor's Vile Clut  Necr/Erth      27%        N/A       4%          5
j - Blink                 Tloc           100%       N/A       1%          2

Your spell library contained the following spells:

 Spells                   Type           Power      Damage    Failure   Level
 Pain                     Necr           100%       1d9       1%          1
 Static Discharge         Conj/Air       52%        N/A       1%          2
 Dazzling Flash           Conj/Hex       100%       N/A       1%          3
 Passage of Golubria      Tloc           55%        N/A       1%          4
 Agony                    Necr           57%        N/A       3%          5
 Excruciating Wounds      Necr           28%        N/A       3%          5
 Ice Form                 Ice/Tmut       46%        N/A       4%          4
 Manifold Assault         Tloc           55%        N/A       4%          5
 Summon Ice Beast         Ice/Summ       38%        N/A       8%          4
 Tukima's Dance           Hex            20%        N/A       10%         3
 Olgreb's Toxic Radiance  Pois           20%        N/A       30%         4
 Summon Lightning Spire   Summ/Air       18%        N/A       36%         4
 Alistair's Intoxication  Tmut/Pois      18%        N/A       45%         5
 Yara's Violent Unravell  Hex/Tmut       13%        3d7       45%         5
 Summon Mana Viper        Hex/Summ       19%        N/A       67%         5
 Starburst                Conj/Fire      36%        6d11      2%          6
 Simulacrum               Ice/Necr       28%        N/A       22%         6
 Ignition                 Fire           35%        3d11      78%         8
 Ozocubu's Refrigeration  Ice            27%        4d10      80%         7
 Eringya's Noxious Bog    Tmut/Pois      13%        N/A       95%         6
 Monstrous Menagerie      Summ           9%         N/A       100%        7
 Storm Form               Tmut/Air       13%        N/A       100%        7
 Maxwell's Capacitive Co  Air            9%         ∞         100%        8
 Chain Lightning          Conj/Air       26%        3d34      100%        9
 Fire Storm               Conj/Fire      36%        8d9       100%        9
 Shatter                  Erth           25%        3d22*     100%        9


Dungeon Overview and Level Annotations

Branches:
Dungeon (15/15)            Temple (1/1) D:6            Lair (6/6) D:9
  Swamp (0/4) Lair:4       Spider (1/4) Lair:2        Slime (0/5) Lair:6
    Orc (2/2) D:9             Elf (0/3) Orc:2        Vaults (0/5) D:13
 Depths (0/4) D:15

Altars:
Ashenzari
Cheibriados
Dithmenos
Elyvilon
Fedhas
Hepliaklqana
Kikubaaqudgha
Nemelex Xobeh
Okawaru
Qazlal
Ru
Sif Muna
Trog
Vehumet
Xom
The Shining One
Beogh
Lugonu

Shops:
D:2 ((   Orc:1 *   Orc:2 *=[[(

Portals:
Abyss: Orc:1 Lair:6

Annotations:
D:3 Grinder
D:13 exclusion: obsidian statue
Lair:2 3 runed translucent doors, croobank's ghost, journeyman DrTm
Orc:1 2 transporters, zeram's ghost, adept GnFi


Innate Abilities, Weirdness & Mutations

You can breathe blasts of fire.
Your fiery red scales are hard. (AC +9)
You cannot fit into any form of body armour.
Your flesh is heat resistant. (rF+)
You are cold-blooded and may be slowed by cold attacks.


Message History

There is a crawl-hole back to the Lair, spattered with blood here.
The meliai closely misses you. The meliai barely misses you.
You block the jumping spider's attack.
The jumping spider bites you but does no damage.
You block the tarantella's attack. The ghost moth stares at you.
You feel your power leaking away.
The ghost moth hits you but does no damage.
The ghost moth barely misses you.
The ghost moth stings you but does no damage.
The meliai calls down the wrath of its god upon you.
Something smites you! You block the jumping spider's attack.
The jumping spider completely misses you.
The tarantella closely misses you. The meliai hits you with a +0 war axe!
The meliai stings you but does no damage.
The ghost moth hits you!
* * * LOW HITPOINT WARNING * * *
The ghost moth hits you.
* * * LOW HITPOINT WARNING * * *
The ghost moth stings you but does no damage.
The jumping spider pounces on you!
* * * LOW HITPOINT WARNING * * *
The jumping spider barely misses you. The meliai hits you with a +0 war axe!
* * * LOW HITPOINT WARNING * * *
The meliai stings you.
* * * LOW HITPOINT WARNING * * *
The tarantella barely misses you. The ghost moth misses you.
You block the ghost moth's attack. The ghost moth barely misses you.
You climb upwards.
Welcome back to the Lair of Beasts!
Level annotation: 3 runed translucent doors, croobank's ghost, journeyman DrTm
There is a hole to the Spider Nest, spattered with blood here.
Things that are here:
a +0 leather armour; a +2 war axe of draining Blink to where?
Press: ? - help, Dir - move target
As you read the scroll of blinking, it crumbles to dust.
The meliai mumbles some strange prayers to its god against you.
Something smites you!
You die...

....##.............####......###
#...#.............##.#.y....÷###
##.................#.sy....#...#
##.............#.........##..##
#.................s...#.#...##
#...........###.......##...###
##.................P.#.#..####
#.#..................#...#.##
##.............@.###..#...###
##....##......#######.......#
#...###......#######.###..###
..........############ #.P##
........#### #..P### .......####
##....## ......#### ##....#
....#### #....# ..##### ##.#..#


You could see a jumping spider, a tarantella and a meliai.

Vanquished Creatures
  Rupert (D:13)
  An orc warlord (Orc:2)
  Azrael (D:12)
  Snorg (Lair:4)
  Josephine (D:11)
  An ettin (Orc:1)
  An ice dragon (shapeshifter) (Lair:6)
  5 boulder beetles
  7 hydras
  A catoblepas (D:14)
  A two-headed ogre (D:13)
  A jorogumo (Lair:2)
  3 centaur warriors
  3 death yaks
  3 thrashing horrors (Lair:6)
  2 tengu warriors
  4 orc high priests (Orc:2)
  Nergalle (Lair:3)
  Urug (D:13)
  Sonja (D:13)
  A fire crab (shapeshifter) (Lair:6)
  A goliath frog (shapeshifter) (Lair:6)
  9 skeletal warriors
  3 large abominations (Lair:6)
  4 orc knights
  A lindwurm (Lair:6)
  3 orc sorcerers (Orc:2)
  A necromancer (D:15)
  A deep elf pyromancer (D:13)
  2 cyclopes
  An iron dragon zombie (D:15)
  A wolf spider (D:15)
  A stone giant zombie (D:15)
  8 ugly things
  A manticore (D:11)
  10 elephants
  10 black mambas
  A torpor snail (Lair:6)
  A spriggan zombie (D:15)
  11 cane toads
  A smoke demon (Lair:6)
  A rime drake (Lair:5)
  A yaktaur (shapeshifter) (D:13)
  8 komodo dragons
  3 efreet
  A freezing wraith (D:15)
  2 tengu conjurers
  3 ancient zymes (Lair:6)
  A tyrant leech (Lair:4)
  A polar bear (Lair:6)
  A meliai (Lair:2)
  7 trolls
  A tarantella (Lair:2)
  36 blink frogs
  5 slime creatures (D:15)
  6 dream sheep (Lair:5)
  2 ynoxinuls (Lair:6)
  2 spriggans
  A shadow (D:10)
  A water elemental (D:12)
  A culicivora (Lair:2)
  7 wraiths
  16 humans (D:13)
  39 yaks
  3 fire elementals (D:12)
  6 wyverns
  4 basilisks
  A human (shapeshifter) (Lair:6)
  5 steam dragons
  3 redbacks (Lair:2)
  4 wargs
  Menkaure (D:5)
  16 water moccasins
  2 acid dragons
  2 swamp worms (Lair:4)
  24 orc warriors
  2 hell hounds (D:12)
  2 sky beasts
  2 necrophages
  A black bear (D:9)
  7 ogres
  33 wolves
  15 centaurs
  2 kobold brigands (D:6)
  14 bullfrogs
  A gnoll sergeant (D:8)
  A wyvern zombie (D:8)
  4 scorpions
  12 small abominations (Lair:6)
  A wyvern skeleton (D:7)
  10 killer bees
  5 wights (D:6)
  2 howler monkeys (D:5)
  8 electric eels
  2 lava snakes (Lair:6)
  2 centaur zombies
  3 hounds
  6 jellies
  8 orc priests
  2 centaur skeletons
  A gnoll shaman (D:5)
  An iron imp (D:13)
  4 iguanas
  11 orc wizards
  4 hell rats (Lair:2)
  A killer bee zombie (D:6)
  2 hound skeletons
  25 gnolls
  5 adders
  A shadow imp (D:13)
  2 ufetubi
  An adder skeleton (D:5)
  65 orcs
  8 ball pythons
  3 bats
  11 endoplasms
  5 giant cockroaches
  9 hobgoblins
  19 jackals
  8 quokkas
  2 frilled lizards
  13 goblins
  11 kobolds
  4 rats
  A spectral kobold (D:10)
691 creatures vanquished.

Vanquished Creatures (collateral kills)
  2 yaks (Lair:1)
  A bullfrog (Lair:1)
3 creatures vanquished.

Vanquished Creatures (others)
  A bush (Lair:3)
  123 fungi
  129 plants
  11 withered plants (D:15)
264 creatures vanquished.

Grand Total: 958 creatures vanquished

Notes
Turn   | Place    | Note
-------+----------+-------------------------------------------
     0 | D:1      | Zonian the Draconian Ice Elementalist began the quest for
                  | the Orb.
     0 | D:1      | Reached XP level 1. HP: 14/14 MP: 3/3
   343 | D:1      | Reached XP level 2. HP: 19/20 MP: 5/5
  1858 | D:2      | Found Ocsogalol's Weapon Boutique.
  1934 | D:2      | Reached XP level 3. HP: 21/26 MP: 1/6
  2534 | D:2      | Found Uhude's Antique Weapon Boutique.
  2720 | D:2      | Found a faded altar of an unknown god.
  2787 | D:2      | Reached XP level 4. HP: 33/33 MP: 2/7
  3237 | D:3      | Found an ancient bone altar of Kikubaaqudgha.
  3917 | D:3      | Noticed a necrophage
  3936 | D:3      | Killed a necrophage
  3937 | D:3      | Reached XP level 5. HP: 37/38 MP: 6/9
  4067 | D:3      | Learned a level 3 spell: Frozen Ramparts
  4071 | D:3      | Learned a level 3 spell: Ozocubu's Armour
  4518 | D:3      | Noticed Grinder
  5106 | D:4      | Found a shimmering altar of Xom.
  5298 | D:2      | Bought a runed dagger for 135 gold pieces
  5394 | D:4      | Reached skill level 5 in Ice Magic
  5394 | D:4      | Reached XP level 6. HP: 44/45 MP: 9/11
  5498 | D:4      | Found a radiant altar of Vehumet.
  5913 | D:5      | Entered Level 5 of the Dungeon
  6599 | D:5      | Your scales start taking on a fiery red colour.
  6599 | D:5      | Reached XP level 7. HP: 43/50 MP: 12/12
  6599 | D:5      | Gained mutation: Your flesh is heat resistant. (rF+) [Red
                  | Draconian growth]
  6993 | D:5      | Learned a level 4 spell: Hailstorm
  7432 | D:5      | Noticed Menkaure
  8741 | D:5      | Reached skill level 5 in Ice Magic
  8777 | D:5      | Reached XP level 8. HP: 44/57 MP: 10/14
  9045 | D:5      | Killed Menkaure
  9046 | D:5      | Reached skill level 5 in Stealth
  9788 | D:6      | Found a bloodstained altar of Trog.
  9808 | D:6      | Reached skill level 5 in Spellcasting
 10254 | D:6      | Reached skill level 5 in Dodging
 10296 | D:6      | Reached skill level 1 in Fighting
 10551 | D:6      | Reached skill level 1 in Polearms
 10551 | D:6      | Reached skill level 1 in Conjurations
 10604 | D:6      | Found a staircase to the Ecumenical Temple.
 10621 | Temple   | Entered the Ecumenical Temple
 10746 | Temple   | Became a worshipper of Ashenzari the Shackled
 10908 | D:6      | Learned a level 5 spell: Fireball
 11734 | D:6      | Reached skill level 1 in Fire Magic
 11736 | D:6      | Reached XP level 9. HP: 14/64 MP: 13/17
 12017 | D:6      | Found a sparkling altar of Nemelex Xobeh.
 13017 | D:7      | Noticed a komodo dragon
 13047 | D:7      | Killed a komodo dragon
 13366 | D:7      | Reached * piety under Ashenzari
 15731 | D:8      | Identified the ring of Hejeq {+Blink MP+9}
 16802 | D:9      | Found an iron altar of Okawaru.
 16911 | D:9      | Reached XP level 10. HP: 76/78 MP: 15/19
 17599 | D:9      | Reached ** piety under Ashenzari
 17699 | D:9      | Found a staircase to the Lair.
 18072 | D:9      | Found a staircase to the Orcish Mines.
 18226 | Lair:1   | Entered Level 1 of the Lair of Beasts
 18226 | Lair:1   | Noticed a five-headed hydra
 18236 | D:9      | Killed a five-headed hydra
 18237 | D:9      | Reached skill level 1 in Evocations
 18546 | Lair:1   | Reached skill level 5 in Fighting
 18546 | Lair:1   | Reached skill level 5 in Fire Magic
 18827 | Lair:1   | Reached XP level 11. HP: 22/88 MP: 21/21
 19175 | Lair:1   | Reached skill level 5 in Conjurations
 19388 | Lair:1   | Reached *** piety under Ashenzari
 19574 | Lair:1   | Reached skill level 5 in Polearms
 20102 | Lair:1   | Reached skill level 1 in Transmutations
 20363 | Lair:1   | Learned a level 4 spell: Iskenderun's Mystic Blast
 21049 | Lair:2   | Noticed a six-headed hydra
 21058 | Lair:2   | Killed a six-headed hydra
 21422 | Lair:2   | Noticed a boulder beetle
 21617 | Lair:2   | Identified the +5 hand axe of Uraal {pain, Str+4}
 21624 | Lair:2   | Found a hole to the Spider Nest.
 21737 | Lair:2   | Reached skill level 1 in Translocations
 22736 | Lair:2   | Found a runed translucent gate.
 22736 | Lair:2   | Found a runed translucent gate.
 22736 | Lair:2   | Found a runed translucent gate.
 22742 | Lair:2   | Noticed croobank's ghost (journeyman DrTm)
 23471 | Lair:3   | Noticed a seven-headed hydra
 24789 | Lair:3   | Reached XP level 12. HP: 79/101 MP: 25/25
 25289 | Lair:3   | Noticed Nergalle
 25295 | Lair:3   | Killed Nergalle
 26043 | Lair:3   | Killed a seven-headed hydra
 26840 | Lair:4   | Reached **** piety under Ashenzari
 26896 | Lair:4   | Noticed Snorg
 26906 | Lair:4   | Killed Snorg
 27105 | Lair:4   | Found a staircase to the Swamp.
 27335 | Lair:4   | Learned a level 4 spell: Dispel Undead
 27850 | Lair:5   | Reached skill level 5 in Evocations
 28476 | Lair:4   | Reached skill level 1 in Necromancy
 28799 | Lair:4   | Reached skill level 1 in Shields
 28910 | Lair:5   | Noticed a death yak
 28931 | Lair:5   | Noticed a death yak
 28940 | Lair:4   | Killed a death yak
 29163 | Lair:5   | Noticed a death yak
 29177 | Lair:4   | Killed a death yak
 29635 | Lair:5   | Noticed a seven-headed hydra
 30090 | Lair:5   | Reached XP level 13. HP: 88/111 MP: 27/27
 30641 | Lair:5   | Learned a level 4 spell: Sticky Flame
 32004 | Lair:6   | Entered Level 6 of the Lair of Beasts
 34538 | Lair:6   | Cast into level 2 of the Abyss (spriggan)
 34581 | Lair:6   | Escaped the Abyss
 35271 | Lair:6   | Reached XP level 14. HP: 114/122 MP: 13/28
 35305 | Lair:6   | Found a corrupted altar of Lugonu.
 35306 | Lair:6   | Found a one-way gate to the infinite horrors of the Abyss.
 36344 | Lair:6   | Found a staircase to the Slime Pits.
 36820 | Lair:6   | Reached skill level 1 in Earth Magic
 37185 | Lair:6   | Reached ***** piety under Ashenzari
 37757 | D:10     | Entered Level 10 of the Dungeon
 37782 | D:10     | Found a blossoming altar of Fedhas.
 37957 | D:10     | Found a hazy altar of Hepliaklqana.
 39181 | D:11     | Learned a level 5 spell: Borgnjor's Vile Clutch
 39427 | D:11     | Found a frozen archway.
 39803 | D:11     | Noticed Josephine
 40200 | D:11     | Killed Josephine
 41777 | D:12     | Noticed Azrael
 41788 | D:12     | Killed Azrael
 42647 | D:13     | Noticed Sonja
 42651 | D:13     | Killed Sonja
 42923 | D:13     | Reached skill level 10 in Stealth
 43426 | D:13     | Noticed Urug
 43426 | D:13     | Noticed Rupert
 44012 | D:13     | Reached skill level 5 in Necromancy
 44296 | D:13     | Killed Urug
 44387 | D:13     | Found a gate to the Vaults.
 44393 | D:13     | Reached skill level 10 in Fire Magic
 44434 | D:13     | Killed Rupert
 45674 | D:14     | Reached XP level 15. HP: 112/132 MP: 25/30
 46835 | D:15     | Entered Level 15 of the Dungeon
 47377 | D:15     | Found a staircase to the Depths.
 48313 | D:15     | Found a broken altar of Ashenzari.
 48595 | D:15     | Found a stormy altar of Qazlal.
 49628 | D:15     | Learned a level 2 spell: Blink
 50109 | Orc:1    | Entered Level 1 of the Orcish Mines
 50115 | Orc:1    | Found Yjuish's Overcharged Wands.
 50216 | Orc:1    | Noticed zeram's ghost (adept GnFi)
 50289 | Orc:1    | Found a transporter.
 50303 | Orc:1    | Found a transporter.
 51232 | Orc:2    | Entered Level 2 of the Orcish Mines
 51232 | Orc:2    | Found Doat's Antique Armour Shoppe.
 51244 | Orc:2    | Found Diwys's Jewellery Emporium.
 52013 | Orc:2    | Noticed an orc warlord
 52019 | Orc:2    | Killed an orc warlord
 52187 | Orc:2    | Found Voen's Antique Armour Emporium.
 52193 | Orc:2    | Found a staircase to the Elven Halls.
 52459 | Orc:2    | Found Ithrahomo's General Store.
 52787 | Orc:2    | Reached skill level 10 in Fighting
 53095 | Orc:2    | Found Tuargh's Antique Weapon Shop.
 53164 | Orc:2    | Bought a potion of curing for 51 gold pieces
 53335 | Spider:1 | Entered Level 1 of the Spider Nest
 53941 | Lair:2   | Paralysed by a jorogumo for 3 turns
 54521 | Spider:1 | HP: 6/127 [meliai (9)]
 54521 | Spider:1 | HP: 1/127 [meliai (5)]
 54523 | Lair:2   | Killed from afar by a meliai

Illustrated notes

Levels and vault maps discovered:
D:1:      dpeg_arrival_renting, layout_basic
D:2:      layout_loops_ring, shapermc_ecumenical_altar_venn, serial_shops, shop,
          nicolae_shop_hallway_stairs, st_stairs_4, minmay_hexomino_u4
D:3:      layout_basic, mainiacjoe_overflow_concentric_impassable, uniq_grinder
D:4:      layout_basic, kennysheep_mini_moat, nicolae_overflow_hidden_temple,
          hangedman_abyss_or_decor_lesser_grid
D:5:      lemuel_castle_with_subvaults [lemuel_castle_interior_carwin_3],
          layout_basic, uniq_menkaure
D:6:      layout_layer_cave, mainiacjoe_overflow_paths,
          nemelex_dance_club_becter, minmay_temple_entry_offerings
D:7:      layout_basic
D:8:      cheibrodos_elevator_heist, layout_gridville, grunt_ministairs_9,
          kb_lookout_dungeons_type
D:9:      layout_roguey, mainiacjoe_overflow_brackets,
          grunt_lair_entry_orc_guard_hut, minmay_orc_entry_temple_small
D:10:     layout_layer_cave, nicolae_hepliaklqana_monster_ancestors,
          fedhas_altar_1, uniq_fannar
D:11:     layout_stronghold, portal_ice_cave_entry_pillars_2, uniq_josephine
D:12:     layout_basic, drop_trap, uniq_azrael
D:13:     layout_loops_corners, david_vaults_3, hangedman_devilish_allure,
          uniq_sonja
D:14:     layout_roguey, nicolae_water_bricks, onia_ninara_dug_in_and_dangerous
D:15:     gammafunk_depths_entry_grave, layout_long_grid,
          ashenzari_conservatory_becter, nicolae_qazlal_eye_of_the_storm
Temple:   minmay_temple_curvy_loop
Lair:1:   layout_cave_pods, grunt_forest_large_clearing_hut, lemuel_fruit_fields
Lair:2:   layout_cave_pods, dummy_spider_entry, gammafunk_ghost_necromancy,
          nzn_sisyphean_effort, grunt_megastairs_5
Lair:3:   layout_regular_city, grunt_megastairs_3, uniq_rupert, uniq_nergalle
Lair:4:   layout_loops_ring, minmay_swamp_entry_worms, uniq_snorg
Lair:5:   layout_regular_city
Lair:6:   hellmonk_lair_end_abyssal_woods, layout_regular_city,
          nicolae_slime_entry_slimehenge, nicolae_lair_liquid_snakes,
          serial_bayou_shore_a
Spider:1: layout_cave_pods, nicolae_spider_undead_wolf_pack
Orc:1:    layout_diamond_mine, gammafunk_ghost_abyssal_escape,
          nicolae_shop_overcharged_wands
Orc:2:    grunt_orc_gardens, layout_diamond_mine, grunt_orc_garden,
          grunt_orc_garden, grunt_orc_garden, grunt_orc_garden, serial_shops,
          nicolae_shop_hallway_stairs

Skill      XL: |  1  2  3  4  5  6  7  8  9 10 11 12 13 14 15 |
---------------+----------------------------------------------+-----
Dodging        | 2 3 4 5 6 7 8 9 |  9.9
Stealth        | 2 3 4 5 6 7 8 9 10 | 10.7
Spellcasting   | 3 4 5 6 7 8 9 |  9.9
Ice Magic      | 5 4 5 |  5.5
Fighting       | 2 4 5 6 7 8 9 10 | 10.0
Polearms       | 1 3 4 5 6 7 8 9 |  9.1
Conjurations   | 2 3 4 6 7 8 9 |  9.2
Fire Magic     | 1 3 5 6 8 9 10 | 10.7
Evocations     | 2 4 5 6 7 8 |  8.0
Transmutations | 1 |  1.0
Translocations | 2 3 |  3.7
Necromancy     | 1 3 5 6 |  6.1
Shields        | 1 3 4 |  4.0
Earth Magic    | 3 4 |  4.5

Action                   |  1- 3 |  4- 6 |  7- 9 | 10-12 | 13-15 || total
-------------------------+-------+-------+-------+-------+-------++-------
Melee: Whip              |    47 |    50 |       |       |       ||    97
       Unarmed           |     3 |       |       |       |       ||     3
       Tailslap          |     5 |    15 |    47 |    69 |   117 ||   253
       Dagger            |       |    85 |   210 |       |       ||   295
       Punch             |       |     2 |     6 |     3 |       ||    11
       Short sword       |       |       |    52 |       |       ||    52
       Demon trident     |       |       |    71 |   499 |   877 ||  1447
 Fire: Hunting sling     |       |    46 |    14 |     5 |     4 ||    69
Throw: Throwing net      |     3 |     1 |       |       |       ||     4
       Dart              |       |       |       |       |     3 ||     3
 Cast: Freeze            |    45 |    24 |     1 |     2 |       ||    72
       Frozen Ramparts   |       |     5 |    37 |    41 |    33 ||   116
       Ozocubu's Armour  |       |       |       |     8 |     9 ||    17
       Hailstorm         |       |       |       |    11 |    29 ||    40
       Fireball          |       |       |       |    20 |   161 ||   181
       Iskenderun's Myst |       |       |       |     4 |    26 ||    30
       Sticky Flame      |       |       |       |       |    25 ||    25
       Dispel Undead     |       |       |       |       |    26 ||    26
       Blink             |       |       |       |       |     1 ||     1
       Borgnjor's Vile C |       |       |       |       |     1 ||     1
Invok: Curse Item        |       |       |     2 |     4 |     2 ||     8
 Abil: Breathe Fire      |       |       |    17 |     8 |    10 ||    35
       Evoke Blink       |       |       |       |     1 |     1 ||     2
Evoke: Wand              |       |     5 |     8 |     6 |    18 ||    37
  Use: Scroll            |     1 |     5 |     2 |     1 |     8 ||    17
       Potion            |       |     3 |       |     3 |     4 ||    10
 Stab: Sleeping          |     3 |     6 |    12 |     7 |    22 ||    50
       Distracted        |       |       |     2 |     1 |     4 ||     7
       Invisible         |       |       |       |       |     1 ||     1
Armor: Skin              |    22 |    47 |    78 |   130 |   253 ||   530
Dodge: Dodged            |    60 |    85 |   189 |   349 |   565 ||  1248
Block: Buckler           |       |       |       |     1 |   193 ||   194
